 Dungeon Crawl Stone Soup version 0.30.1-4-g462c640d31 (webtiles) character file.

Game seed: 7922985859943893397

2954 monsoonserge the Cutter (level 9, -4/59 (69) HPs)
             Began as a Demonspawn Monk on Sept 3, 2023.
             Was a Priest of Kikubaaqudgha.
             Slain by a yak (6 damage)
             ... on level 8 of the Dungeon.
             The game lasted 00:17:55 (6566 turns).

monsoonserge the Cutter (Demonspawn Monk)           Turns: 6566, Time: 00:17:55

HP:   -4/59 (69)    AC: 10    Str: 18    XL:     9   Next: 52%
MP:   9/12          EV: 14    Int: 15    God:    Kikubaaqudgha [***...]
Gold: 290           SH:  0    Dex: 16    Spells: 9/12 levels left

rFire   . . .        y - +2 short sword (elec)
rCold   . . .        d - orb {light}
rNeg    + . .        E - +0 leather armour
rPois   .            (helmet unavailable)
rElec   .            n - +0 cloak
rCorr   .            M - +0 pair of gloves
SInv    .            f - +0 pair of boots
Will    .....        I - amulet of the acrobat
Stlth   +            D - +6 ring of strength
HPRegen 0.29/turn    b - ring of positive energy
MPRegen 0.13/turn

%: acrobat
@: on blink cooldown, glowing, heavily drained
A: horns 3, slimy green scales 2, spiny 1, demonic magic 1
a: Renounce Religion, Unearth Wretches


You were on level 8 of the Dungeon.
You worshipped Kikubaaqudgha.
Kikubaaqudgha was most pleased with you.
You visited 2 branches of the dungeon, and saw 9 of its levels.

You collected 290 gold pieces.

Inventory:

Hand Weapons
 y - a +2 short sword of electrocution (weapon)
 P - a +0 arbalest
Missiles
 l - 2 throwing nets
 v - 23 poisoned darts (quivered)
 Q - a curare-tipped dart
Armour
 a - a +0 ring mail
 d - an orb of light (worn)
 f - a +0 pair of boots (worn)
 n - a +0 cloak (worn)
 E - a +0 leather armour (worn)
 M - a +0 pair of gloves (worn)
Jewellery
 b - a ring of positive energy (right hand)
 q - a ring of fire
 D - a +6 ring of strength (left hand)
 I - an amulet of the acrobat (around neck)
 O - an amulet of guardian spirit
Wands
 x - a wand of digging (3)
 z - a wand of iceblast (15)
 F - a wand of paralysis (8)
Scrolls
 e - 2 scrolls of noise {unknown}
 g - a scroll of amnesia {unknown}
 i - a scroll of magic mapping {unknown}
 j - 9 scrolls of identify {unknown}
 m - 3 scrolls of teleportation {unknown}
 o - a scroll of enchant armour {unknown}
 r - a scroll of enchant weapon {unknown}
 u - a scroll of butterflies {unknown}
 A - 3 scrolls of immolation {unknown}
 G - 3 scrolls of blinking {unknown}
 H - 2 scrolls of brand weapon {unknown}
 J - a scroll of vulnerability {unknown}
 K - a scroll of fog {unknown}
 L - a scroll of torment {unknown}
 N - a scroll of fear {unknown}
 R - a scroll of poison {unknown}
Potions
 c - 2 potions of ambrosia
 h - 2 potions of flight {unknown}
 k - a potion of attraction {unknown}
 p - 3 potions of curing
 s - a potion of invisibility {unknown}
 t - a potion of degeneration {unknown}
 w - a potion of might {unknown}
 B - a potion of brilliance {unknown}
 C - a potion of lignification {unknown}


   Skills:
 + Level 5.7 Fighting
 + Level 6.0(6.4) Short Blades
 - Level 3.0(4.9) Long Blades
 - Level 4.0 Armour
 + Level 5.6 Dodging
 + Level 2.2 Stealth
 - Level 2.0 Spellcasting
 * Level 2.7 Conjurations
 * Level 3.0 Necromancy
 - Level 4.0 Translocations


You had 9 spell levels left.
You knew the following spells:

 Your Spells              Type           Power      Damage    Failure   Level
a - Blink                 Tloc           26%        N/A       8%          2
b - Kiss of Death         Conj/Necr      40%        2d8       8%          1

Your spell library contained the following spells:

 Spells                   Type           Power      Damage    Failure   Level
 Necrotise                Necr           40%        1d6       8%          1
 Lesser Beckoning         Tloc           26%        N/A       8%          2
 Magic Dart               Conj           36%        1d4       9%          1
 Momentum Strike          Conj/Tloc      22%        3d8       10%         2
 Searing Ray              Conj           18%        2d5       13%         2
 Cigotuvi's Dreadful Rot  Necr/Pois/Air  8%         N/A       26%         2
 Call Imp                 Summ           2%         N/A       36%         2
 Mephitic Cloud           Conj/Pois/Air  4%         N/A       47%         3
 Animate Dead             Necr           10%        N/A       58%         4
 Anguish                  Hex/Necr       3%         N/A       80%         4
 Fulminant Prism          Conj/Hex       2%         3d5       83%         4
 Agony                    Necr           10%        N/A       91%         5
 Borgnjor's Vile Clutch   Necr/Erth      3%         N/A       98%         5
 Death Channel            Necr           5%         N/A       100%        6


Dungeon Overview and Level Annotations

Branches:
Dungeon (8/15)             Temple (1/1) D:6
   Lair: D:8-11

Altars:
Ashenzari
Cheibriados
Dithmenos
Gozag
Hepliaklqana
Kikubaaqudgha
Makhleb
Nemelex Xobeh
Okawaru
Qazlal
Ru
Sif Muna
Trog
Uskayaw
Vehumet
Wu Jian
Xom
Yredelemnul


Innate Abilities, Weirdness & Mutations

You have a pair of large horns on your head.
You are mostly covered in slimy green scales. (AC +3)
You are partially covered in sharp spines.
Spells you cast may paralyse adjacent enemies.


Message History

Unknown command.
Okay, then.
Casting: Blink (safe; 8% risk of failure)
Confirm with . or Enter, or press ? or * to list all spells.
Okay, then.
Casting: Blink (safe; 8% risk of failure)
Confirm with . or Enter, or press ? or * to list all spells.
You don't know that spell.
Casting: Blink (safe; 8% risk of failure)
Confirm with . or Enter, or press ? or * to list all spells.
You blink.
Malevolent energies surge around you.
The yak suddenly stops moving!
The yak is struck by your spines. The yak gores you but does no damage.
Unknown command.
The helpless yak fails to defend itself.
You impale the yak!! You headbutt the yak.
The yak is severely wounded.
The helpless yak fails to defend itself.
You impale the yak!! Lightning courses through the yak!
You kill the yak!
Kikubaaqudgha accepts your kill. Kikubaaqudgha grants you a gift!
You add the spells Anguish, Agony, Borgnjor's Vile Clutch and Death Channel to your library.
The yak is struck by your spines. The yak completely misses you.
The yak closely misses you.
Your Short Blades skill increases to level 6!
Your Necromancy skill increases to level 3!
Casting: Blink (safe; 8% risk of failure)
Confirm with . or Enter, or press ? or * to list all spells.
Aiming: Kiss of Death (safe; 8% risk of failure)
Press: ? - help, Shift-Dir - straight line, f - yak
Aim: a yak (moderately wounded, haloed, 100% to hit)
The negative energy hits the yak!
The yak is drained!
The yak is heavily wounded.
You feel drained. Malevolent energies surge around you. The yak gores you.
* * * LOW HITPOINT WARNING * * *
The yak is struck by your spines. The yak gores you.
* * * LOW HITPOINT WARNING * * *
The yak is struck by your spines. The yak gores you.
You die...
Kikubaaqudgha rasps: "You have failed me!
Welcome... death!"

.. . .Y Y#####
Y##.... ..... ..#
... .. #.## .#
##..# #/#
#...####..#
#.#...@Y.### #.
#.#...YY...#
#.#####.#####†##.#
#....##.....#§# #
#....####.....#
#....# #.#.###
#....####.#...
#.....))).####.#
####..)).....# #


You could see 3 yaks.

Vanquished Creatures
  3 yaks (D:8)
  A water moccasin (D:5)
  2 orc warriors (D:7)
  2 black bears
  2 ogres
  3 centaurs
  A phantom (D:4)
  3 kobold brigands
  A bullfrog (D:8)
  A scorpion (D:5)
  5 killer bees (D:8)
  7 howler monkeys
  4 quasits (D:5)
  A gnoll bouda (D:5)
  An orc priest (D:5)
  2 hounds
  5 iguanas
  3 orc wizards
  9 adders
  3 gnolls (D:5)
  4 shadow imps
  3 white imps
  3 ufetubi (D:5)
  2 dart slugs
  25 orcs
  4 bats
  7 endoplasms
  5 giant cockroaches
  7 hobgoblins
  4 jackals
  21 kobolds
  6 quokkas
  7 ball pythons
  A frilled lizard (D:3)
  8 goblins
  5 rats
171 creatures vanquished.

Notes
Turn   | Place    | Note
-------+----------+-------------------------------------------
     0 | D:1      | monsoonserge the Demonspawn Monk began the quest for the
                  | Orb.
     0 | D:1      | Reached XP level 1. HP: 18/18 MP: 1/1
   215 | D:1      | Gained mutation: Spells you cast may paralyse adjacent
                  | enemies. [demonic ancestry]
   215 | D:1      | Reached XP level 2. HP: 24/24 MP: 2/2
   619 | D:1      | Found a faded altar of an unknown god.
  1097 | D:3      | Gained mutation: You are partially covered in slimy green
                  | scales. (AC +2) [demonic ancestry]
  1097 | D:3      | Reached XP level 3. HP: 15/29 MP: 3/3
  1219 | D:2      | Gained mutation: You have a pair of small horns on your
                  | head. [demonic ancestry]
  1219 | D:2      | Reached XP level 4. HP: 34/37 MP: 4/4
  1513 | D:2      | Reached skill level 1 in Short Blades
  1517 | D:2      | Found a snail-covered altar of Cheibriados.
  1629 | D:3      | Reached skill level 1 in Armour
  1733 | D:3      | Learned a level 2 spell: Blink
  2299 | D:4      | Reached XP level 5. HP: 42/42 MP: 5/5
  2329 | D:4      | Reached skill level 1 in Translocations
  2376 | D:4      | Found a hide-covered altar of Uskayaw.
  2376 | D:4      | Found a snail-covered altar of Cheibriados.
  2411 | D:3      | Reached skill level 2 in Short Blades
  2595 | D:4      | Reached skill level 1 in Spellcasting
  2595 | D:4      | Gained mutation: You are mostly covered in slimy green
                  | scales. (AC +3) [demonic ancestry]
  2595 | D:4      | Reached XP level 6. HP: 42/48 MP: 7/7
  2613 | D:4      | Found an ornate altar of the Wu Jian Council.
  2618 | D:4      | Noticed a spectral centipede
  2618 | D:4      | Noticed a spectral black mamba
  2618 | D:4      | Noticed a spectral cane toad
  2740 | D:4      | Reached skill level 1 in Stealth
  3122 | D:5      | Entered Level 5 of the Dungeon
  3327 | D:5      | Gained mutation: You have a pair of horns on your head.
                  | [demonic ancestry]
  3327 | D:5      | Reached XP level 7. HP: 52/55 MP: 8/8
  3334 | D:5      | Reached skill level 3 in Short Blades
  3565 | D:5      | Found a broken altar of Ashenzari.
  3745 | D:5      | Found a sparkling altar of Nemelex Xobeh.
  4527 | D:6      | Gained mutation: You have a pair of large horns on your
                  | head. [demonic ancestry]
  4527 | D:6      | Reached XP level 8. HP: 61/61 MP: 9/9
  4607 | D:6      | Reached skill level 4 in Short Blades
  4614 | D:6      | Reached skill level 5 in Dodging
  4702 | D:6      | Reached skill level 5 in Fighting
  4768 | D:6      | Found a staircase to the Ecumenical Temple.
  4775 | Temple   | Entered the Ecumenical Temple
  4961 | Temple   | Became a worshipper of Kikubaaqudgha
  4961 | Temple   | Reached * piety under Kikubaaqudgha
  4961 | Temple   | Received a gift from Kikubaaqudgha
  4961 | Temple   | Reached ** piety under Kikubaaqudgha
  4964 | Temple   | Learned a level 1 spell: Kiss of Death
  5554 | D:7      | Reached skill level 1 in Necromancy
  5680 | D:7      | Reached skill level 1 in Conjurations
  5898 | D:7      | Reached skill level 5 in Short Blades
  5898 | D:7      | Gained mutation: You are partially covered in sharp spines.
                  | [demonic ancestry]
  5898 | D:7      | Reached XP level 9. HP: 38/68 MP: 11/11
  6051 | D:7      | Found a sacrificial altar of Ru.
  6565 | D:8      | Reached *** piety under Kikubaaqudgha
  6565 | D:8      | Received a gift from Kikubaaqudgha
  6566 | D:8      | Reached skill level 6 in Short Blades
  6566 | D:8      | HP: 2/59 [yak (5)]
  6566 | D:8      | Slain by a yak

Illustrated notes

Levels and vault maps discovered:
D:1:      nicolae_arrival_washed_ashore, layout_loops_ring,
          serial_co_window_serial, co_window_of_opportunity_a,
          co_window_paths_a, co_window_paths_b, co_window_paths_a,
          co_window_of_opportunity_a, co_window_of_opportunity_b,
          co_window_broadway_c, co_window_paths_c,
          hellmonk_ecumenical_altar_crossroads, minmay_unequal
D:2:      layout_rooms, basic_altar
D:3:      layout_loops_ring
D:4:      layout_loops_ring, pdpol_wu_jian_five_deadly_venoms,
          grunt_temple_overflow_open
D:5:      layout_gridville, nemelex_diamond_rough_becter,
          evilmike_ruin_ashenzari, serial_demonic, serial_demonic_d,
          serial_demonic_d, serial_demonic_g, serial_demonic_d
D:6:      layout_loops_ring, minmay_temple_entry_sparse_star
D:7:      layout_loops_ring, nicolae_ru_awakened_eye, grunt_ogre_cave,
          chequers_serial_rivers_micro_d
D:8:      layout_basic
Temple:   bh_familiar_temple

Skill      XL: |  1  2  3  4  5  6  7  8  9 |
---------------+----------------------------+-----
Long Blades    | 3 |  3.0
Dodging        | 3 4 5 |  5.6
Short Blades   | 1 2 3 5 6 |  6.0
Armour         | 1 2 3 4 |  4.0
Fighting       | 4 5 |  5.7
Translocations | 1 2 3 4 |  4.0
Spellcasting   | 1 2 |  2.0
Stealth        | 1 2 |  2.2
Necromancy     | 1 3 |  3.0
Conjurations   | 1 2 |  2.7

Action                     |  1- 3 |  4- 6 |  7- 9 || total
---------------------------+-------+-------+-------++-------
  Melee: Falchion          |    20 |       |       ||    20
         Short sword       |    73 |   156 |   231 ||   460
         Headbutt          |       |    37 |    63 ||   100
  Throw: Dart              |       |       |     1 ||     1
   Cast: Blink             |       |     2 |     1 ||     3
         Kiss of Death     |       |       |     1 ||     1
   Stab: Paralysed         |       |     1 |     2 ||     3
 Armour: Robe              |    14 |    23 |       ||    37
         Ring mail         |    27 |    17 |       ||    44
         Leather armour    |       |    27 |    52 ||    79
  Dodge: Dodged            |    59 |   144 |   182 ||   385
